 Dungeon Crawl Stone Soup version 0.20.1-1-g8b1a95d (webtiles) character file.

102638 lorenzova the Eclecticist (level 15, -7/90 HPs)
             Began as a Deep Elf Conjurer on Sept 28, 2017.
             Was the Champion of Vehumet.
             Mangled by an earth elemental (19 damage)
             ... summoned by a deep elf elementalist
             ... on level 1 of the Elven Halls.
             The game lasted 02:37:02 (36564 turns).

lorenzova the Eclecticist (Deep Elf Conjurer)      Turns: 36564, Time: 02:37:03

Health: -7/90      AC: 16    Str:  9    XL:     15   Next: 86%
Magic:  28/48      EV: 12    Int: 27    God:    Vehumet [******]
Gold:   1961       SH:  0    Dex: 15    Spells: 11/50 levels left

rFire    . . .     SeeInvis +   O - staff of conjuration
rCold    . . .     Gourm    .   (no shield)
rNeg     . . .     Faith    .   e - +3 leather armour {MR+}
rPois    .         Spirit   .   B - +2 helmet {SInv}
rElec    .         Reflect  .   (no cloak)
rCorr    .         Harm     .   a - +2 pair of gloves
MR       +++..                  s - +1 pair of boots
Stlth    ++........             R - amulet of magic regeneration
Regen    0.3/turn               T - ring of magical power
MPRegen  0.5/turn               k - ring "Ymaypsu" {MR+ Str+4}

@: no status effects
A: no striking features
a: Renounce Religion


You were on level 1 of the Elven Halls.
You worshipped Vehumet.
Vehumet was exalted by your worship.
You were not hungry.

You visited 5 branches of the dungeon, and saw 23 of its levels.
You also visited: Ossuary and Ice Cave.

You collected 2195 gold pieces.
You spent 234 gold pieces at shops.

Inventory:

Hand Weapons
 M - the +8 whip "Snakebite" {curare, rPois}
   (You found it on level 5 of the Lair of Beasts)

   It poisons the flesh of those it strikes.
   It protects you from poison.
Armour
 a - a +2 pair of gloves (worn)
 b - the +2 hat of Vuagiw {rCorr Int+3 Stlth+}
   (You found it on level 2 of the Lair of Beasts)

   It affects your intelligence (+3).
   It protects you from acid and corrosion.
   It makes you more stealthy.
 e - a +3 leather armour of magic resistance (worn)
 p - a +0 leather armour of fire resistance
 s - a +1 pair of boots (worn)
 y - a +1 leather armour of poison resistance
 B - a +2 helmet of see invisible (worn)
Magical Staves
 O - an uncursed staff of conjuration (weapon)
Jewellery
 k - the ring "Ymaypsu" (right hand) {MR+ Str+4}
   (You found it on level 6 of the Lair of Beasts)

   [ring of protection from magic]

   It affects your strength (+4).
   It affects your resistance to hostile enchantments.
 u - an uncursed ring of flight
 z - an uncursed ring of fire
 I - the ring "Das Jouk" {Wiz rF+}
   (You found it on level 7 of the Dungeon)

   [ring of wizardry]

   It improves your spell success rate.
   It protects you from fire.
 R - an amulet of magic regeneration (around neck)
 S - an uncursed ring of poison resistance
 T - a ring of magical power (left hand)
 X - an uncursed ring of protection from magic
Wands
 o - a wand of scattershot (2/9)
 C - a wand of digging (18/24)
Scrolls
 c - a scroll of silence
 g - 3 scrolls of enchant weapon
 i - 10 scrolls of remove curse
 l - 2 scrolls of magic mapping
 n - 6 scrolls of amnesia
 r - 2 scrolls of identify
 v - 6 scrolls of teleportation
 w - a scroll of fear
 x - 2 scrolls of summoning
 J - 2 scrolls of recharging
 U - a scroll of enchant armour
Potions
 d - 14 potions of curing
 h - a potion of magic
 j - 5 potions of cancellation
 m - 5 potions of ambrosia
 q - a potion of flight
 t - 4 potions of brilliance
 G - 2 potions of lignification
 L - 3 potions of resistance
 Q - a potion of haste
Comestibles
 f - 10 meat rations


   Skills:
 - Level 9.3 Fighting
 - Level 9.0 Armour
 - Level 2.4 Dodging
 - Level 2.4 Stealth
 * Level 18.1 Spellcasting
 + Level 15.7 Conjurations
 - Level 10.6 Hexes
 * Level 4.0 Summonings
 - Level 6.5 Fire Magic
 - Level 8.6 Air Magic


You had 11 spell levels left.
You knew the following spells:

 Your Spells              Type           Power        Failure   Level  Hunger
a - Magic Dart            Conj           ####         0%          1    None
b - Dazzling Spray        Conj/Hex       ######       1%          3    None
c - Iskenderun's Mystic   Conj           ########     1%          4    None
d - Fulminant Prism       Conj/Hex       #######...   1%          4    None
e - Mephitic Cloud        Conj/Pois/Air  #######.     1%          3    None
f - Fireball              Conj/Fire      #######...   1%          5    None
g - Conjure Flame         Conj/Fire      #######.     1%          3    None
h - Spellforged Servitor  Conj/Summ      #######...   10%         7    #####..
l - Lightning Bolt        Conj/Air       #######...   1%          5    None
q - Blink                 Tloc           N/A          3%          2    None
s - Searing Ray           Conj           ######       0%          2    None


Dungeon Overview and Level Annotations

Branches:
Dungeon (13/15)            Temple (1/1) D:6            Lair (6/6) D:10
  Swamp (0/4) Lair:4       Spider (0/4) Lair:4        Slime (0/5) Lair:5
    Orc (2/2) D:10            Elf (1/3) Orc:2
 Vaults: D:13-14

Altars:
Nemelex Xobeh
Qazlal
Ru
Sif Muna
Uskayaw
Vehumet
Yredelemnul
Zin
The Shining One
Beogh

Shops:
D:9 (   Orc:1 *   Orc:2 }?*%


Message History

Some walls begin to move on their own!
The earth elemental hits you.
* * * LOW HITPOINT WARNING * * *
Casting: Lightning Bolt
Confirm with . or Enter, or press ? or * to list all spells.
Aiming: Lightning Bolt
Press: ? - help, Shift-Dir - straight line, f/p - deep elf elementalist
Aim: a deep elf elementalist, wielding a long sword and wearing a leather armour (heavily wounded, fast, repelling missiles)
You feel a surge of power!
You hear a mighty clap of thunder!
The bolt of lightning hits the vampiric short sword.
The vampiric short sword completely resists.
The bolt of lightning misses the deep elf elementalist.
The bolt of lightning hits the earth elemental.
The earth elemental completely resists.
The bolt of lightning hits the earth elemental.
The earth elemental completely resists.
The vampiric short sword hits you!
* * * LOW HITPOINT WARNING * * *
The vampiric short sword hits you but does no damage.
The earth elemental hits you!!
You die...

.# #..)(.).# #.( #####
#.).(...# #.#
##..###(......# #.# +
...(.(')......# #.# ..
##.####)).....# #.#
... #.# #.......# #.#
.... #.# #..)....# #.#
## .(... #.#
#.......###E##.#......
#.#
#.......#E@EE..(......
#.#
#.......###(E.##......
#.# #.......# #eE##
..... #.......# #.##
.... #.......###.# ...
#.......'...# ..
#.......###.# .
#.......# #.#
#.......# #.#


You could see a deep elf elementalist, 6 earth elementals and 2 dancing weapons.

Vanquished Creatures
  Kirke (Lair:6)
  Donald (Elf:1)
  An orc warlord (Orc:2)
  A stone giant (Orc:1)
  A dire elephant (Lair:6)
  Snorg (D:13)
  2 ice dragons (IceCv)
  6 hydras
  6 two-headed ogres
  2 catoblepae (Lair:6)
  16 death yaks
  A tengu warrior (D:13)
  A deep troll shaman (Lair:6)
  2 dancing weapons (Elf:1)
  4 orc high priests (Orc:2)
  Nergalle (Lair:3)
  Urug (Lair:5)
  2 deep elf knights (Elf:1)
  Sonja (Lair:2)
  3 unseen horrors
  4 deep elf archers (Elf:1)
  A lindwurm (Lair:6)
  5 orc knights
  6 orc sorcerers (Orc:2)
  8 deep elf magi (Elf:1)
  An ugly thing (D:13)
  A manticore (D:13)
  A cyclops (D:13)
  4 elephants (Lair:6)
  A moth of wrath (Lair:4)
  4 black mambas
  2 ice statues (IceCv)
  17 spiny frogs
  2 gargoyles
  3 demonic crawlers (D:13)
  4 rime drakes
  2 centaur skeletons
  2 komodo dragons (Lair:5)
  2 ice devils (D:12)
  2 polar bears (Lair:6)
  4 trolls
  2 hornets
  Grinder (D:6)
  11 slime creatures
  28 blink frogs
  5 dream sheep (Lair:6)
  12 hippogriffs
  Sigmund (D:2)
  A water elemental (D:12)
  A shadow (D:12)
  3 hogs
  34 yaks
  4 wyverns
  3 fire bats (Lair:1)
  4 basilisks
  A human (Lair:5)
  2 steam dragons
  3 vampire mosquitoes (D:13)
  3 wargs (Orc:2)
  Duvessa (D:7)
  5 porcupines
  57 orc warriors
  15 water moccasins
  A swamp drake (D:10)
  18 ogres
  3 sky beasts
  4 phantoms
  4 black bears
  16 ice beasts
  5 necrophages
  10 wolves
  24 centaurs
  17 crocodiles
  A big kobold (D:9)
  A big kobold (shapeshifter) (D:13)
  Blork the orc (D:5)
  17 bullfrogs
  Dowan (D:7)
  8 scorpions
  14 killer bees
  4 wights (D:12)
  A howler monkey (D:5)
  9 electric eels
  5 crimson imps
  4 centaur zombies
  A bullfrog zombie (D:10)
  2 quasits
  Crazy Yiuf (D:5)
  2 bullfrog skeletons
  4 hounds
  31 orc priests
  4 jellies
  26 orc wizards
  5 iguanas
  Ijyb (D:5)
  12 hell rats (Lair:5)
  7 worker ants
  2 big kobold zombies (Ossuary)
  2 hound zombies
  6 mummies (Ossuary)
  14 adders
  3 river rats (D:10)
  3 shadow imps
  3 oozes (Lair:5)
  An adder zombie (D:9)
  4 adder skeletons
  4 worms
  A dart slug (D:2)
  2 leopard geckos
  135 orcs
  A ball python (D:5)
  15 bats
  7 giant cockroaches
  A gnoll zombie (Ossuary)
  11 goblins
  9 hobgoblins
  12 jackals
  5 quokkas
  5 frilled lizards
  3 goblin zombies (Ossuary)
  11 kobolds
  13 rats
  A spectral orc (D:7)
  8 fungi
  4 plants
877 creatures vanquished.

Vanquished Creatures (collateral kills)
  A butterfly (Lair:1)
1 creature vanquished.

Vanquished Creatures (others)
  2 bushes (Lair:5)
  73 fulminant prisms
  24 fungi
  10 plants
109 creatures vanquished.

Grand Total: 987 creatures vanquished

Notes
Turn   | Place    | Note
-------+----------+-------------------------------------------
     0 | D:1      | lorenzova the Deep Elf Conjurer began the quest for the Orb.
     0 | D:1      | Reached XP level 1. HP: 10/10 MP: 6/6
   115 | D:1      | Reached XP level 2. HP: 15/15 MP: 2/8
   425 | D:1      | Reached skill level 4 in Spellcasting
   537 | D:1      | Reached XP level 3. HP: 19/19 MP: 8/10
   542 | D:1      | Learned a level 3 spell: Dazzling Spray
   612 | D:1      | Learned a level 2 spell: Searing Ray
   816 | D:2      | Reached skill level 5 in Conjurations
   992 | D:2      | Noticed Sigmund
  1010 | D:2      | Killed Sigmund
  1010 | D:2      | Reached skill level 6 in Spellcasting
  1010 | D:2      | Reached XP level 4. HP: 19/24 MP: 0/14
  1010 | D:2      | Reached XP level 5. HP: 22/28 MP: 0/15
  1123 | D:2      | Learned a level 4 spell: Iskenderun's Mystic Blast
  1284 | D:2      | Found a deep blue altar of Sif Muna.
  1554 | D:2      | Found a glowing golden altar of the Shining One.
  1554 | D:2      | Found a stormy altar of Qazlal.
  2342 | D:3      | Reached XP level 6. HP: 32/32 MP: 13/17
  3182 | D:4      | Found a hide-covered altar of Uskayaw.
  3654 | D:4      | Reached skill level 7 in Spellcasting
  3719 | D:5      | Entered Level 5 of the Dungeon
  3898 | D:5      | Reached XP level 7. HP: 36/36 MP: 7/19
  3992 | D:5      | Noticed Ijyb
  4017 | D:5      | Killed Ijyb
  4977 | D:5      | Found a runed door.
  4981 | D:5      | Noticed Crazy Yiuf
  4985 | D:5      | Killed Crazy Yiuf
  5156 | D:6      | Reached skill level 8 in Spellcasting
  5238 | D:6      | Found a sand-covered staircase.
  5247 | Ossuary  | Entered an ossuary
  6009 | D:6      | Found a staircase to the Ecumenical Temple.
  6016 | Temple   | Entered the Ecumenical Temple
  6048 | Temple   | Became a worshipper of Vehumet
  6121 | D:6      | Learned a level 4 spell: Fulminant Prism
  6145 | D:6      | Noticed Blork the orc
  6177 | D:5      | Killed Blork the orc
  6177 | D:5      | Reached skill level 9 in Spellcasting
  6177 | D:5      | Reached skill level 1 in Hexes
  6177 | D:5      | Reached XP level 8. HP: 41/41 MP: 9/23
  6694 | D:6      | Noticed Grinder
  6698 | D:6      | Killed Grinder
  6698 | D:6      | Reached skill level 10 in Spellcasting
  7103 | D:6      | Reached * piety under Vehumet
  7103 | D:6      | Offered knowledge of Freeze by Vehumet.
  7156 | D:7      | Got a warped turquoise ring
  7159 | D:7      | Identified the ring "Das Jouk" {Wiz rF+} (You found it on level 7 of the Dungeon)
  7277 | D:7      | Noticed Dowan
  7278 | D:7      | Noticed Duvessa
  7402 | D:7      | Found a sparkling altar of Nemelex Xobeh.
  7614 | D:7      | Found a glowing golden altar of the Shining One.
  7925 | D:7      | Reached XP level 9. HP: 45/45 MP: 8/25
  8103 | D:7      | Killed Dowan
  8114 | D:7      | Killed Duvessa
  8114 | D:7      | Reached skill level 11 in Spellcasting
  8241 | D:7      | Reached skill level 10 in Conjurations
  8340 | D:7      | Found a basalt altar of Yredelemnul.
  8435 | D:8      | Reached skill level 5 in Hexes
  8769 | D:8      | Found a glowing silver altar of Zin.
  9542 | D:8      | Offered knowledge of Throw Frost by Vehumet.
  9587 | D:8      | Reached ** piety under Vehumet
  9599 | D:8      | Reached skill level 12 in Spellcasting
 10015 | D:9      | Found Ziaxegeu's Weapon Shop.
 10715 | D:9      | Reached XP level 10. HP: 50/50 MP: 16/28
 10836 | D:9      | Reached skill level 1 in Fighting
 11066 | D:9      | Offered knowledge of Conjure Flame by Vehumet.
 11072 | D:9      | Learned a level 3 spell: Conjure Flame
 11144 | D:9      | Reached skill level 1 in Armour
 11205 | D:9      | Noticed a two-headed ogre
 11209 | D:9      | Killed a two-headed ogre
 11209 | D:9      | Reached skill level 13 in Spellcasting
 11658 | D:9      | Reached *** piety under Vehumet
 11719 | D:10     | Entered Level 10 of the Dungeon
 11783 | D:10     | Noticed a gargoyle
 11793 | D:10     | Noticed a death yak
 12429 | D:10     | Noticed a death yak
 12629 | D:10     | Found a staircase to the Lair.
 12659 | D:10     | Killed a gargoyle
 12659 | D:10     | Reached skill level 1 in Fire Magic
 12860 | D:10     | Offered knowledge of Stone Arrow by Vehumet.
 13209 | D:10     | Reached **** piety under Vehumet
 13215 | D:10     | Reached XP level 11. HP: 58/58 MP: 18/30
 13234 | D:10     | Offered knowledge of Lightning Bolt by Vehumet.
 13241 | D:10     | Learned a level 5 spell: Lightning Bolt
 13489 | D:10     | Found a staircase to the Orcish Mines.
 13522 | D:10     | Reached skill level 1 in Air Magic
 13811 | D:10     | Learned a level 2 spell: Blink
 13985 | Orc:1    | Entered Level 1 of the Orcish Mines
 14011 | Orc:1    | Noticed a two-headed ogre
 14015 | Orc:1    | Killed a two-headed ogre
 14258 | D:10     | Learned a level 3 spell: Mephitic Cloud
 14450 | Orc:1    | Found Aqusuepp's General Store.
 14458 | Orc:1    | Bought a scroll of magic mapping for 49 gold pieces
 14458 | Orc:1    | Bought a scroll of teleportation for 42 gold pieces
 14535 | Orc:1    | Reached ***** piety under Vehumet
 14538 | Orc:1    | Offered knowledge of Venom Bolt by Vehumet.
 14538 | Orc:1    | Reached skill level 14 in Spellcasting
 14546 | Orc:1    | Noticed an orc knight
 15027 | Orc:1    | Noticed a stone giant
 15103 | Orc:1    | Killed a stone giant
 15103 | Orc:1    | Reached skill level 5 in Fire Magic
 15118 | Orc:1    | Killed an orc knight
 15490 | Lair:1   | Entered Level 1 of the Lair of Beasts
 16463 | Lair:2   | Noticed Sonja
 16476 | Lair:2   | Killed Sonja
 16476 | Lair:2   | Reached skill level 5 in Air Magic
 16485 | Lair:2   | Reached XP level 12. HP: 52/64 MP: 14/32
 16701 | Lair:2   | Got a heavily runed hat
 16714 | Lair:2   | Identified the +2 hat of Vuagiw {rCorr Int+3 Stlth+} (You found it on level 2 of the Lair of Beasts)
 17795 | Lair:3   | Reached skill level 15 in Spellcasting
 18309 | Lair:3   | Noticed Nergalle
 18315 | Lair:3   | Killed Nergalle
 18558 | Lair:4   | Found a hole to the Spider Nest.
 18580 | Lair:4   | Found a staircase to the Swamp.
 19831 | Lair:5   | Noticed Urug
 19838 | Lair:5   | Killed Urug
 20154 | Lair:5   | Found a staircase to the Slime Pits.
 20345 | Lair:5   | Noticed a death yak
 20347 | Lair:5   | Noticed a death yak
 20462 | Lair:5   | Noticed a death yak
 20462 | Lair:5   | Noticed a death yak
 20464 | Lair:5   | Noticed a death yak
 20784 | D:10     | Noticed a death yak
 20789 | D:10     | Killed a death yak
 20789 | D:10     | Reached skill level 10 in Hexes
 20826 | D:10     | Killed a death yak
 20826 | D:10     | Reached XP level 13. HP: 68/68 MP: 28/34
 20986 | Orc:2    | Entered Level 2 of the Orcish Mines
 21776 | Orc:2    | Offered knowledge of Fireball by Vehumet.
 21822 | Orc:2    | HP: 2/68 [orc warrior/short sword (15)]
 22147 | Orc:2    | Learned a level 5 spell: Fireball
 23240 | Orc:2    | Found a roughly hewn altar of Beogh.
 23423 | Orc:2    | Found Lixeg's Gadget Emporium.
 23524 | Orc:2    | Found Wufrur's Magic Scroll Shoppe.
 23529 | Orc:2    | Bought a scroll of identify for 26 gold pieces
 23529 | Orc:2    | Bought a scroll of identify for 26 gold pieces
 23529 | Orc:2    | Bought a scroll of identify for 26 gold pieces
 23529 | Orc:2    | Bought a scroll of identify for 26 gold pieces
 23529 | Orc:2    | Bought a scroll of teleportation for 39 gold pieces
 23742 | Orc:2    | Found a staircase to the Elven Halls.
 23798 | Orc:2    | Reached skill level 16 in Spellcasting
 24000 | Orc:2    | Noticed an orc warlord
 24292 | Orc:2    | Killed an orc warlord
 24529 | Orc:2    | Found a roughly hewn altar of Beogh.
 24628 | Orc:2    | Reached skill level 5 in Armour
 24630 | Orc:2    | Found Vukoupho's Food Shoppe.
 25045 | Orc:2    | Reached skill level 5 in Fighting
 25141 | Orc:2    | Found Uthisad's General Store.
 25144 | Orc:2    | Offered knowledge of Bolt of Magma by Vehumet.
 25979 | Lair:5   | Reached XP level 14. HP: 78/78 MP: 17/36
 27380 | Lair:6   | Entered Level 6 of the Lair of Beasts
 27514 | Lair:6   | Noticed Kirke
 28003 | Lair:6   | Killed Kirke
 28951 | Lair:6   | Offered knowledge of Conjure Ball Lightning by Vehumet.
 29192 | Lair:6   | Reached skill level 17 in Spellcasting
 29763 | Lair:6   | Reached skill level 15 in Conjurations
 30882 | Lair:6   | Reached XP level 15. HP: 88/88 MP: 18/38
 30977 | Lair:6   | Got a flickering wooden ring
 30985 | Lair:6   | Identified the ring "Ymaypsu" {MR+ Str+4} (You found it on level 6 of the Lair of Beasts)
 32960 | D:12     | Found a frozen archway.
 32971 | IceCv    | Entered an ice cave
 33001 | IceCv    | Reached ****** piety under Vehumet
 34550 | D:13     | Offered knowledge of Spellforged Servitor by Vehumet.
 34652 | D:13     | Noticed Snorg
 34654 | D:13     | Killed Snorg
 35997 | Lair:1   | Learned a level 7 spell: Spellforged Servitor
 36175 | Elf:1    | Entered Level 1 of the Elven Halls
 36191 | Elf:1    | Reached skill level 1 in Summonings
 36265 | Elf:1    | Noticed Donald
 36271 | Elf:1    | Killed Donald
 36271 | Elf:1    | Reached skill level 18 in Spellcasting
 36564 | Elf:1    | Mangled by an earth elemental

Skill      XL: |  1  2  3  4  5  6  7  8  9 10 11 12 13 14 15 |
---------------+----------------------------------------------+-----
Spellcasting   | 4 6 7 9 10 12 13 14 15 16 17 18 | 18.1
Conjurations   | 6 7 8 9 11 12 13 14 15 | 15.7
Hexes          | 1 4 6 10 | 10.6
Fighting       | 2 5 8 9 |  9.3
Armour         | 2 5 7 9 |  9.0
Fire Magic     | 3 6 |  6.5
Air Magic      | 5 8 |  8.6
Summonings     | 4 |  4.0
Dodging        | |  2.4
Stealth        | |  2.4

Action                   |  1- 3 |  4- 6 |  7- 9 | 10-12 | 13-15 || total
-------------------------+-------+-------+-------+-------+-------++-------
Melee: Dagger            |       |     2 |    58 |       |       ||    60
       Mace              |       |       |     5 |       |       ||     5
       Staff             |       |       |       |   159 |     5 ||   164
 Cast: Magic Dart        |    67 |   107 |   214 |   251 |   229 ||   868
       Searing Ray       |     1 |     3 |    10 |     7 |       ||    21
       Iskenderun's Myst |       |     7 |    86 |   209 |   415 ||   717
       Dazzling Spray    |       |       |     6 |       |     1 ||     7
       Conjure Flame     |       |       |       |     6 |    20 ||    26
       Fulminant Prism   |       |       |       |    28 |    45 ||    73
       Lightning Bolt    |       |       |       |     6 |   108 ||   114
       Fireball          |       |       |       |       |    51 ||    51
       Blink             |       |       |       |       |     4 ||     4
 Abil: Evoke Flight      |       |       |       |       |     4 ||     4
Evoke: Wand              |       |       |       |     1 |     4 ||     5
  Use: Scroll            |       |     3 |     3 |    21 |    13 ||    40
       Potion            |       |       |     1 |     1 |     9 ||    11
 Stab: Sleeping          |       |     2 |       |       |       ||     2
  Eat: Chunk             |       |     8 |    15 |    26 |    29 ||    78
       Fruit             |       |     1 |     1 |     3 |       ||     5
       Royal jelly       |       |       |     1 |     1 |     5 ||     7
       Meat ration       |       |       |     1 |       |     1 ||     2
       Bread ration      |       |       |       |       |     1 ||     1
Armor: Robe              |       |     2 |    21 |    11 |       ||    34
       Leather armour    |       |       |       |    17 |    77 ||    94
Dodge: Dodged            |       |    14 |    65 |    54 |   146 ||   279
